 Dungeon Crawl Stone Soup version 0.17-a0-469-g696e5a1 (webtiles) character file.

11026 Ladykiller69 the Cleaver (level 12, -3/92 HPs)
             Began as a Formicid Fighter on Apr 6, 2015.
             Was a High Priest of Cheibriados.
             Slain by a minotaur
             ... wielding a +6 rod of inaccuracy (1/12)
              (25 damage)
             ... in a labyrinth.
             The game lasted 00:41:21 (11764 turns).

Ladykiller69 the Cleaver (Formicid Fighter)        Turns: 11764, Time: 00:41:21

Health: -3/92      AC: 17    Str: 38    XL:     12   Next: 2%
Magic:  15/15      EV: 13    Int: 22    God:    Cheibriados [*****.]
Gold:   685        SH: 14    Dex: 23    Spells: 0 memorised, 11 levels left

rFire  + . .     SeeInvis +     a - +0 war axe
rCold  . . .     Clarity  .     m - +0 plate armour
rNeg   . . .     SustAb   .     c - +0 shield
rPois  .         Gourm    .     (helmet unavailable)
rElec  .         Spirit   .     l - +0 cloak
rCorr  .         Warding  .     o - +0 pair of gloves
rMut   .         Stasis   +     S - +0 pair of boots {Stlth+}
MR     +....                    (no amulet)
Stlth  ..........               (no ring)
                                M - ring of protection from fire

@: very slow, somewhat resistant to hostile enchantments, extremely unstealthy
A: permanent stasis, dig shafts and tunnels, four strong arms, antennae 3
a: Dig, Shaft Self, Bend Time, Temporal Distortion, Slouch, Step From Time,
Renounce Religion


You were in a labyrinth.
You worshipped Cheibriados.
Cheibriados was extremely pleased with you.
You were not hungry.

You visited 2 branches of the dungeon, and saw 14 of its levels.
You also visited: Labyrinth and Sewer.

You collected 685 gold pieces.

Inventory:

Hand weapons
 a - a +0 war axe (weapon)
 K - a +0 flail of holy wrath
Missiles
 V - a throwing net (quivered)
Armour
 c - a +0 shield (worn)
 l - a +0 cloak (worn)
 m - a +0 plate armour (worn)
 o - a +0 pair of gloves (worn)
 S - a +0 pair of boots of stealth (worn)
 Y - a +1 chain mail of poison resistance
Jewellery
 s - an uncursed ring of invisibility
 v - an uncursed amulet of rage {unknown}
 E - a +2 ring of protection
 F - an uncursed ring of sustain abilities
 M - a ring of protection from fire (left hand)
 X - an uncursed ring of protection from fire
Magical devices
 I - a wand of heal wounds (3)
 L - a wand of disintegration (9)
 U - a wand of draining (5)
Scrolls
 g - a scroll of noise
 h - 3 scrolls of fear
 i - 3 scrolls of remove curse
 r - 2 scrolls of identify
 x - a scroll of fog {unknown}
 y - a scroll of amnesia {unknown}
 B - 2 scrolls of random uselessness {unknown}
 H - 3 scrolls of teleportation {unknown}
 J - a scroll of immolation {unknown}
 N - 2 scrolls of enchant weapon {unknown}
 O - a scroll of vulnerability {unknown}
Potions
 b - 2 potions of lignification
 e - 5 potions of might
 f - 3 potions of flight
 j - 2 potions of brilliance
 n - a potion of magic
 q - 2 potions of resistance
 t - 2 potions of restore abilities
 z - 6 potions of curing
Books
 p - a book of Beasts

   Spells                             Type                      Level
   a - Summon Butterflies             Summoning                    1
   b - Call Canine Familiar           Summoning                    3
   c - Summon Ice Beast               Ice/Summoning                4
   d - Summon Mana Viper              Hexes/Summoning              5
   e - Monstrous Menagerie            Summoning                    6
   f - Summon Hydra                   Summoning                    7
 G - Sif Muna's Almanac of Curses
   (You found it on level 4 of the Dungeon)

   Spells                             Type                      Level
   a - Corona                         Hexes                        1
 P - a book of Control

   Spells                             Type                      Level
   a - Control Teleport               Charms/Translocation         4
   b - Control Undead                 Necromancy                   4
   c - Metabolic Englaciation         Hexes/Ice                    5
   d - Mass Confusion                 Hexes                        6
Comestibles
 d - 6 bread rations
 k - 9 meat rations
 A - a royal jelly
 C - 2 beef jerkies


   Skills:
 + Level 7.6 Fighting
 * Level 12.4 Axes
 + Level 7.5 Armour
 + Level 5.0 Dodging
 - Level 9.0 Shields
 + Level 5.2 Invocations


You had 11 spell levels left.
You didn't know any spells.

Dungeon Overview and Level Annotations

Branches:
Dungeon (15/15)            Temple (1/1) D:5            Lair (0/8) D:10
    Orc: D:9-12      Vaults: D:13-14     Depths: D:15

Altars:
Ashenzari
Cheibriados
Dithmenos
Elyvilon
Fedhas
Gozag
Kikubaaqudgha
Makhleb
Nemelex Xobeh
Okawaru
Qazlal
Ru
Sif Muna
Trog
Vehumet
Xom
Yredelemnul
Zin
The Shining One

Shops:
D:5 }

Portals:
Trove: D:10 (show slimy rune of Zot)

Annotations:
D:4 Grinder
D:5 exclusion: downstairs


Innate Abilities, Weirdness & Mutations

You are under a permanent stasis effect.
You can dig through walls and to a lower floor.
Your four strong arms can wield two-handed weapons with a shield.
You have a pair of large antennae on your head (SInv).


Message History

You barely miss the minotaur.
The minotaur furiously retaliates!
The minotaur headbutts you!
The minotaur is severely wounded.
The minotaur hits you with a rod of inaccuracy!!
* * * LOW HITPOINT WARNING * * *
The minotaur gores you but does no damage.
You hit the minotaur.
The minotaur is severely wounded.
Drink which item? (? for menu, Esc to quit)
You feel better.
The minotaur hits you with a rod of inaccuracy!
* * * LOW HITPOINT WARNING * * *
You block the minotaur's attack.
Drink which item? (? for menu, Esc to quit)
You feel better. You block the minotaur's attack.
The minotaur gores you but does no damage.
You hit the minotaur.
The minotaur is severely wounded.
The minotaur hits you with a rod of inaccuracy!!
You die...

## . # #.# # .. #.
. # # ## ## . .. #
. ...# .. . .. .
.. #.###. . # ##
... . . # # # ##
#####
#########.#.......
#.....(@H.#. # #
###.#.##### # #.#.
.# # #...#.#.# # #
.#. #.. # .# #
.#.# # # # . . #
... # # .##.#


You could see a minotaur.

Vanquished Creatures
  The ghost of dysrexia the Grappler, an experienced TrCK of Xom (D:10)
  An ogre mage (D:15)
  2 centaur warriors
  A hill giant (D:8)
  A centaur zombie (D:15)
  Psyche (D:10)
  A fire drake (D:10)
  A polar bear (D:9)
  2 two-headed ogres (D:15)
  A slime creature (D:8)
  Prince Ribbit (D:9)
  A troll (D:8)
  A trapdoor spider (D:15)
  2 deep elf magi
  A wyvern (D:13)
  A spriggan (D:7)
  2 shadows (Lab)
  A water moccasin (D:10)
  Duvessa (D:6)
  4 orc warriors
  2 sky beasts
  A phantom (D:6)
  2 ice beasts
  An eye of draining (D:9)
  4 centaurs
  5 ogres
  A necrophage (D:8)
  2 big kobolds
  A gnoll sergeant (D:6)
  4 giant frogs
  3 scorpions
  Dowan (D:6)
  2 crimson imps
  7 hounds
  6 jellies
  5 orc priests
  3 giant frog zombies
  8 worker ants
  2 giant frog skeletons
  8 iguanas
  A water moccasin simulacrum (D:9)
  12 orc wizards
  A hound zombie (D:10)
  13 gnolls
  Robin (D:2)
  2 river rats (Sewer)
  4 white imps (D:9)
  A shadow imp (D:6)
  15 adders
  3 worms
  An adder skeleton (D:9)
  An adder simulacrum (D:9)
  2 oozes
  29 orcs
  3 ball pythons
  11 bats
  A bat skeleton (D:6)
  4 giant cockroaches
  18 hobgoblins
  14 jackals
  6 quokkas
  5 giant geckos (D:4)
  A giant gecko skeleton (D:7)
  11 giant newts
  3 giant spores
  18 goblins
  A jackal zombie (D:7)
  25 kobolds
  A quokka skeleton (D:9)
  A quokka zombie (D:7)
  21 rats
  5 ballistomycetes
330 creatures vanquished.

Notes
Turn   | Place    | Note
--------------------------------------------------------------
     0 | D:1      | Ladykiller69, the Formicid Fighter, began the quest for the Orb.
     0 | D:1      | Reached XP level 1. HP: 18/18 MP: 1/1
    63 | D:1      | Reached XP level 2. HP: 8/24 MP: 2/2
   412 | D:1      | Reached XP level 3. HP: 25/29 MP: 3/3
  1012 | D:2      | Reached skill level 4 in Shields
  1132 | D:2      | Reached XP level 4. HP: 13/37 MP: 4/4
  1505 | D:2      | Noticed Robin
  1551 | D:2      | Killed Robin
  1616 | D:2      | Found a burning altar of Makhleb.
  1957 | D:3      | Reached XP level 5. HP: 27/42 MP: 5/5
  2438 | D:4      | Reached skill level 5 in Shields
  2652 | D:4      | Reached XP level 6. HP: 41/48 MP: 6/6
  2965 | D:4      | Found a deep blue altar of Sif Muna.
  3027 | D:4      | Identified Sif Muna's Almanac of Curses (You found it on level 4 of the Dungeon)
  3300 | D:4      | Noticed Grinder
  3394 | D:4      | Reached XP level 7. HP: 51/54 MP: 7/7
  3664 | D:4      | Reached skill level 5 in Axes
  4124 | D:5      | Entered Level 5 of the Dungeon
  4148 | D:5      | Found a glowing drain.
  4162 | Sewer    | Entered a sewer
  4275 | Sewer    | Reached skill level 6 in Shields
  4470 | Sewer    | Found a white marble altar of Elyvilon.
  4566 | D:5      | Found Mohi's Quality Used Wands.
  4609 | D:5      | Found a white marble altar of Elyvilon.
  4760 | D:5      | Found a glowing golden altar of the Shining One.
  4761 | D:5      | Noticed an angel
  4767 | D:5      | Found a basalt altar of Yredelemnul.
  4768 | D:5      | Noticed a profane servitor
  4805 | D:5      | Found an ancient bone altar of Kikubaaqudgha.
  4931 | D:5      | Found a staircase to the Ecumenical Temple.
  4940 | D:5      | Reached XP level 8. HP: 55/60 MP: 8/8
  4949 | Temple   | Entered the Ecumenical Temple
  4966 | Temple   | Became a worshipper of Cheibriados the Contemplative
  5357 | D:6      | Reached skill level 7 in Shields
  5409 | D:6      | Acquired Cheibriados's first power
  5874 | D:6      | Reached skill level 8 in Axes
  5874 | D:6      | Reached XP level 9. HP: 56/65 MP: 9/9
  6198 | D:6      | Noticed Dowan
  6199 | D:6      | Noticed Duvessa
  6222 | D:6      | Killed Dowan
  6245 | D:6      | Killed Duvessa
  6309 | D:6      | Reached skill level 9 in Axes
  6631 | D:7      | Acquired Cheibriados's second power
  6970 | D:7      | Noticed a hill giant
  6974 | D:7      | You fall through a shaft for 3 floors!
  6974 | D:10     | Entered Level 10 of the Dungeon
  6974 | D:10     | Found a staircase to the Lair.
  6974 | D:10     | Noticed a fire drake
  6991 | D:10     | Killed a fire drake
  7186 | D:10     | Noticed dysrexia's ghost (experienced TrCK)
  7376 | D:9      | Reached skill level 1 in Dodging
  7542 | D:9      | Acquired Cheibriados's third power
  7596 | D:8      | Reached skill level 10 in Axes
  7596 | D:8      | Reached XP level 10. HP: 70/73 MP: 10/10
  7639 | D:7      | You fall through a shaft for 2 floors!
  7699 | D:8      | Reached skill level 5 in Fighting
  7728 | D:8      | Reached skill level 5 in Armour
  7869 | D:8      | Noticed a troll
  7876 | D:8      | You fall through a shaft for 2 floors!
  7884 | D:10     | Noticed Psyche
  7904 | D:10     | Killed Psyche
  8373 | D:10     | Found a portal to a secret trove of treasure.
  8454 | D:8      | Killed a troll
  8484 | D:8      | Noticed a centaur warrior
  8500 | D:8      | Killed a centaur warrior
  8500 | D:8      | Reached skill level 1 in Invocations
  8636 | D:8      | Noticed a hill giant
  8645 | D:8      | Killed a hill giant
  8645 | D:8      | Reached skill level 11 in Axes
  8771 | D:8      | Reached XP level 11. HP: 77/81 MP: 11/13
  8841 | D:8      | Found a bloodstained altar of Trog.
  8844 | D:8      | Acquired Cheibriados's fourth power
  9429 | D:8      | Got a twisted robe
  9430 | D:8      | Identified the cursed +1 robe of Isitsy {Regen+ Dex+5 Slay-3} (You found it on level 8 of the Dungeon)
  9605 | D:9      | Noticed Prince Ribbit
  9620 | D:9      | Killed Prince Ribbit
  9861 | D:9      | Noticed a polar bear
  9898 | D:9      | Killed a polar bear
 10290 | D:10     | Killed dysrexia's ghost
 10656 | D:10     | Noticed a hill giant
 10672 | D:10     | You fall through a shaft for 3 floors!
 11039 | D:13     | Noticed a hill giant
 11055 | D:13     | You fall through a shaft for 2 floors!
 11055 | D:15     | Entered Level 15 of the Dungeon
 11094 | D:15     | Noticed a cyclops
 11132 | D:15     | Noticed a centaur warrior
 11156 | D:15     | Noticed an ogre mage
 11174 | D:15     | Killed an ogre mage
 11174 | D:15     | Reached skill level 12 in Axes
 11187 | D:15     | Noticed a tengu warrior
 11187 | D:14     | Noticed a centaur warrior
 11218 | D:14     | Killed a centaur warrior
 11218 | D:14     | Reached skill level 5 in Invocations
 11233 | D:14     | You fall through a shaft!
 11239 | D:15     | HP: 2/84 [trapdoor spider (12)]
 11249 | D:15     | Reached skill level 5 in Dodging
 11265 | D:15     | Found a labyrinth entrance.
 11278 | Lab      | Entered a labyrinth
 11675 | Lab      | Reached XP level 12. HP: 91/91 MP: 15/15
 11745 | Lab      | Noticed a minotaur
 11764 | Lab      | Identified a +6 rod of inaccuracy (1/12)
 11764 | Lab      | Slain by a minotaur

Action                   |  1- 3 |  4- 6 |  7- 9 | 10-12 || total
-------------------------+-------+-------+-------+-------++-------
Melee: War axe           |   111 |   234 |   565 |   461 ||  1371
Throw: Tomahawk          |       |       |       |     9 ||     9
Invok: Bend Time         |       |       |       |     9 ||     9
       Step From Time    |       |       |       |     1 ||     1
 Abil: Dig               |       |    11 |    14 |    20 ||    45
       Shaft Self        |       |       |     1 |     4 ||     5
  Use: Potion            |       |       |     3 |     6 ||     9
       Scroll            |       |       |       |    14 ||    14
  Eat: Chunk             |     1 |     9 |    15 |     7 ||    32
       Pizza             |       |       |       |     3 ||     3
       Fruit             |       |       |       |     2 ||     2
       Bread ration      |       |       |       |     1 ||     1
